Map: Dasan Station LE

Players

Gracz - Winner!

  • Race: Zerg Zerg
  • League: Silver

Krokodyl

  • Race: Protoss Protoss
  • League: Silver

VOD

Have the link to the VOD?

Description

Time

  • Played on: Oct. 18, 2016, 1:17 p.m.
  • Length: 6:45
Show
View Real Time Build Order
Export as new Build Order

Gracz Zerg - Winner!

Build Orders: Pool First 

Get SALT Encoding   

  12  0:01  Drone  
  13  0:14  Drone  
  13  0:19  Overlord  
  14  0:39  Spawning Pool, Drone  
  14  0:47  Drone  
  14  0:48  Drone  
  16  0:56  Drone  
  17  1:15  Hatchery  
  16  1:26  Zergling x2  
  16  1:27  Zergling x4  
  19  1:38  Roach Warren  
  18  1:42  Extractor, Drone  
  18  1:50  Queen  
  20  1:57  Overlord  
  17  2:35  Zergling x6  
  20  2:54  Queen, Drone  
  20  2:56  Drone  
  24  2:58  Roach  
  26  3:08  Extractor  
  26  3:09  Roach  
  22  3:55  Queen  
  22  3:56  Roach  
  22  3:57  Roach x2  
  22  3:58  Roach  
  22  3:59  Roach  
  22  4:01  Zergling x8  
  36  4:11  Spine Crawler  
  35  4:17  Spine Crawler  
  33  5:05  Roach  
  35  5:07  Overlord  
  35  5:08  Overlord x2  
  35  5:25  Queen  
  30  5:47  Roach  
  30  5:48  Roach x2  
  32  5:55  Drone x3  
Show
View Real Time Build Order
Export as new Build Order

Krokodyl Protoss 

Build Orders:  

Get SALT Encoding   

  12  0:01  Probe (Chrono Boost)  
  13  0:12  Probe (Chrono Boost)  
  14  0:23  Pylon, Probe (Chrono Boost)  
  15  0:47  Gateway  
  15  0:48  Probe (Chrono Boost)  
  15  0:49  Gateway  
  16  0:58  Pylon  
  16  0:59  Probe (Chrono Boost)  
  17  1:09  Probe (Chrono Boost)  
  18  1:20  Probe (Chrono Boost)  
  19  1:27  Gateway  
  19  1:28  Gateway  
  19  1:30  Probe (Chrono Boost)  
  20  1:35  Zealot  
  22  1:40  Zealot  
  24  1:47  Assimilator  
  24  2:07  Zealot  
  26  2:10  Cybernetics Core  
  26  2:14  Zealot  
  26  2:16  Zealot  
  26  2:20  Zealot  
  30  2:39  Warp Gate  
  30  2:53  Pylon  
  30  3:11  Zealot  
  26  3:43  Zealot  
  26  3:44  Zealot x3  
  32  3:57  Mothership Core (Chrono Boost)  
  32  4:11  Zealot x3  
  32  4:13  Twilight Council  
  38  4:20  Pylon  
  38  4:24  Pylon  
  38  4:35  Zealot  
  19  6:18  Pylon  
  17  6:37  Pylon  
Tags
 
Add a new tag
Caveats
  • Supply blocks, unpowered buildings, or Contaminate may cause inaccurate times.
  • Supply counts are checked every 10 seconds.